 Dungeon Crawl Stone Soup version 0.22-a0-612-gd2f0174 (webtiles) character file.

372 iamserjio the Chopper (level 6, -1/58 HPs)
             Began as a Naga Berserker on July 11, 2018.
             Was a Believer of Trog.
             Engulfed by a cloud of flame (28 damage)
             ... on level 5 of the Dungeon.
             The game lasted 00:08:58 (1373 turns).

iamserjio the Chopper (Naga Berserker)              Turns: 1373, Time: 00:08:59

Health: -1/58      AC:  7    Str: 20    XL:     6   Next: 71%
Magic:  6/6        EV:  6    Int:  9    God:    Trog [**....]
Gold:   175        SH:  0    Dex: 10    Spells: 5/5 levels left

rFire    . . .     SeeInvis +   r - +0 war axe
rCold    . . .     Gourm    .   (no shield)
rNeg     . . .     Faith    .   q - +0 chain mail
rPois    +         Spirit   .   (no helmet)
rElec    .         Reflect  .   (no cloak)
rCorr    .         Harm     .   (no gloves)
MR       .....                  (no barding)
Stlth    ..........             (no amulet)
HPRegen  0.19/turn              (no ring)
MPRegen  0.10/turn              (no ring)

@: very slow
A: large, see invisible, deformed body, poison resistance, slowness 2, slow
metabolism 1, spit poison 1, AC +2
a: Spit Poison, Berserk, Trog's Hand, Renounce Religion


You were on level 5 of the Dungeon.
You worshipped Trog.
Trog was pleased with you.
You were hungry.

You visited 1 branch of the dungeon, and saw 5 of its levels.

You collected 175 gold pieces.

Inventory:

Hand Weapons
 a - a +0 hand axe
 i - a +0 hunting sling
 r - a +0 war axe (weapon)
 u - a +0 flail
Missiles
 h - 28 arrows
 k - 14 sling bullets
 x - 4 poisoned javelins (quivered)
Armour
 b - a +0 animal skin
 l - a +0 ring mail
 q - a +0 chain mail (worn)
Wands
 v - a wand of paralysis (14)
 w - a wand of acid (7)
 y - a wand of iceblast (7)
Scrolls
 j - 7 scrolls of identify {unknown}
 t - a scroll of remove curse {unknown}
 z - a scroll of enchant armour {unknown}
Potions
 e - a potion of invisibility {unknown}
 f - 3 potions of curing {unknown}
 g - 2 potions of ambrosia {unknown}
 m - a potion of flight {unknown}
 n - a potion of degeneration {unknown}
 o - 2 potions of lignification {unknown}
 p - a potion of berserk rage {unknown}
 s - a potion of heal wounds {unknown}
Comestibles
 c - 7 rations
 d - 6 chunks of flesh


   Skills:
 + Level 4.4 Fighting
 * Level 5.5 Axes
 + Level 3.1 Armour
 - Level 1.5 Dodging


You had 5 spell levels left.
You didn't know any spells.
Your spell library was empty.

Dungeon Overview and Level Annotations

Branches:
Dungeon (5/15)
 Temple: D:4-7

Altars:
Trog
Xom

Shops:
D:4 (


Innate Abilities, Weirdness & Mutations

You cannot wear boots.
Your serpentine skin is tough. (AC +2)
You have supernaturally acute eyesight. (SInv)
Armour fits poorly on your strangely shaped body.
Your system is resistant to poisons. (rPois)
You cover ground very slowly.
You have a slow metabolism.
You can spit poison.


Message History

The worm barely misses you.
You barely miss the worm.
The worm is moderately wounded.
The worm bites you.
You slash the worm!
You kill the worm!
Trog accepts your kill.
Found 16 gold pieces, a chain mail and 19 sling bullets.
There is a stone staircase leading up here.
Some of the chunks of flesh in your inventory have rotted away.
Found 2 lumpy amethyst potions.
Found a scroll labeled ELATIA MEBIHEA.
z - a scroll labeled ELATIA MEBIHEA Really slither into a travel-excluded area? [Y]es or [N]o only, please.
Really slither into a travel-excluded area?
You are engulfed in blazing flames.
Ouch! That really hurt!
You are engulfed in blazing flames.
You die...

#§§§# #.#
#§§§# #.#
###...#####.#
§§.$%..§§§..#
§..[(.§§§..#
..!..§§...#
#.^.#####.#
#§§§# #.#
#@§§# #.#
#§§§# #.#
#...#####.#
##........#
##########


There were no monsters in sight!

Vanquished Creatures
  A phantom (D:4)
  A scorpion (D:4)
  An orc priest (D:4)
  2 orc wizards
  5 adders
  3 gnolls (D:4)
  An ooze (D:3)
  An adder skeleton (D:4)
  2 worms
  10 orcs
  5 giant cockroaches
  4 hobgoblins
  8 jackals
  3 bats
  3 frilled lizards
  A goblin (D:2)
  4 kobolds
  4 rats
59 creatures vanquished.

Notes
Turn   | Place    | Note
-------+----------+-------------------------------------------
     0 | D:1      | iamserjio the Naga Berserker began the quest for the Orb.
     0 | D:1      | Reached XP level 1. HP: 21/21 MP: 1/1
   340 | D:2      | Reached XP level 2. HP: 23/28 MP: 2/2
   501 | D:3      | Reached XP level 3. HP: 11/34 MP: 3/3
   521 | D:3      | Found a bloodstained altar of Trog.
   633 | D:3      | Reached ** piety under Trog
   653 | D:2      | HP: 1/34 [hobgoblin (4)]
   858 | D:3      | Reached skill level 4 in Axes
   858 | D:3      | Reached XP level 4. HP: 20/42 MP: 4/4
   916 | D:2      | Found a shimmering altar of Xom.
  1133 | D:4      | Reached XP level 5. HP: 50/50 MP: 5/5
  1176 | D:4      | Noticed a phantom
  1202 | D:4      | Killed a phantom
  1202 | D:4      | Reached skill level 5 in Axes
  1202 | D:4      | Reached XP level 6. HP: 35/57 MP: 6/6
  1257 | D:5      | Entered Level 5 of the Dungeon
  1279 | D:4      | Found Luorar's Weapon Boutique.
  1373 | D:5      | Engulfed by a cloud of flame

Vault maps used:
D:1:      mrwooster_arrival_arrow, patterned_corridor
D:2:      lemuel_crystal_altar
D:3:      lightli_temple_of_fire
D:4:      serial_forest, infiniplex_forest_clump_diagonal,
          infiniplex_forest_clump_small, infiniplex_forest_straight_3,
          infiniplex_forest_straight_5, serial_shops, nicolae_shop_statue_plus,
          first_ration
D:5:      nicolae_overflow_crystal_walls, lemuel_flame_loot_1

Skill      XL: |  1  2  3  4  5  6 |
---------------+-------------------+-----
Armour         | 2 3 |  3.1
Axes           | 4 5 |  5.5
Fighting       | 4 |  4.4
Dodging        | |  1.5

Action                   |  1- 3 |  4- 6 || total
-------------------------+-------+-------++-------
Melee: Hand axe          |   104 |       ||   104
       War axe           |     1 |    70 ||    71
Invok: Berserk           |     3 |     4 ||     7
       Trog's Hand       |     1 |     1 ||     2
  Eat: Chunk             |     2 |     6 ||     8
Armor: Animal skin       |     3 |       ||     3
       Ring mail         |    31 |       ||    31
       Chain mail        |     3 |    27 ||    30
Dodge: Dodged            |    65 |    22 ||    87

Table legend:
 A = Spawn XP
 B = Non-spawn XP
 C = Spawn XP percentage of total XP
 D = Spawn monster count
 E = Non-spawn monster count
 F = Spawn count percentage of total count
 G = Total turns spent on level
                    A         B        C        D         E        F      G
               +---------+---------+-------+---------+---------+-------+---------
         Total |       0 |     532 |   0.0 |       0 |      59 |   0.0 |  1373
               +---------+---------+-------+---------+---------+-------+---------
           D:1 |       0 |       5 |   0.0 |       0 |       4 |   0.0 |   257
           D:2 |       0 |      24 |   0.0 |       0 |      13 |   0.0 |   371
           D:3 |       0 |     110 |   0.0 |       0 |      22 |   0.0 |   510
           D:4 |       0 |     387 |   0.0 |       0 |      19 |   0.0 |   185
           D:5 |       0 |       6 |   0.0 |       0 |       1 |   0.0 |    50
               +---------+---------+-------+---------+---------+-------+---------
